 Dungeon Crawl Stone Soup version 0.29.1-2-gbd0b4ee654 (webtiles) character file.

Game seed: 7411253673757232047

151 concon the Grave Robber (level 5, 0/37 HPs)
             Began as a Demonspawn Necromancer on Nov 26, 2022.
             Slain by an orc
             ... wielding a +0 falchion
              (3 damage)
             ... on level 3 of the Dungeon.
             The game lasted 00:05:33 (2514 turns).

concon the Grave Robber (Demonspawn Necromancer)    Turns: 2514, Time: 00:05:34

Health: 0/37       AC:  3    Str:  9    XL:     5   Next: 10%
Magic:  1/9        EV: 12    Int: 18    God:
Gold:   96         SH:  0    Dex: 13    Spells: 6/10 levels left

rFire   . . .      SeeInvis .   f - +0 dagger
rCold   . . .      Faith    .   (no shield)
rNeg    . . .      Spirit   .   a - +0 robe
rPois   .          Reflect  .   (no helmet)
rElec   .          Harm     .   p - +0 cloak
rCorr   .          Rampage  .   (no gloves)
Will    .....                   (no boots)
Stlth   ++........              (no amulet)
HPRegen 0.12/turn               (no ring)
MPRegen 0.11/turn               (no ring)

@: no status effects
A: demonic magic 1, weakness stinger 2
a: no special abilities


You were on level 3 of the Dungeon.
You visited 1 branch of the dungeon, and saw 3 of its levels.

You collected 96 gold pieces.

Inventory:

Hand Weapons
 f - a +0 dagger (weapon)
Missiles
 j - a throwing net
Armour
 a - a +0 robe (worn)
 p - a +0 cloak (worn)
Scrolls
 c - 2 scrolls of identify {unknown}
 d - a scroll of fear {unknown}
 e - 5 scrolls of teleportation {unknown}
 k - a scroll of magic mapping {unknown}
 m - a scroll of enchant armour {unknown}
 q - a scroll of immolation {unknown}
Potions
 b - a potion of magic
 g - 2 potions of haste {unknown}
 h - a potion of invisibility {unknown}
 i - a potion of berserk rage {unknown}
 l - a potion of curing {unknown}
 n - a potion of mutation {unknown}
 o - a potion of lignification {unknown}
 r - a potion of heal wounds {unknown}


   Skills:
 * Level 1.2 Fighting
 * Level 0.6 Short Blades
 * Level 0.5 Staves
 * Level 2.2 Dodging
 * Level 2.3 Stealth
 * Level 3.0 Spellcasting
 * Level 5.4 Necromancy


You had 6 spell levels left.
You knew the following spells:

 Your Spells              Type           Power      Damage    Failure   Level
a - Necrotise             Necr           88%        1d8       1%          1
b - Vampiric Draining     Necr           22%        2d7       5%          3

Your spell library contained the following spells:

 Spells                   Type           Power      Damage    Failure   Level
 Animate Dead             Necr           22%        N/A       17%         4
 Agony                    Necr           22%        N/A       43%         5


Dungeon Overview and Level Annotations

Branches:
Dungeon (3/15)

Altars:


Innate Abilities, Weirdness & Mutations

Spells you cast may paralyse adjacent enemies.
You have a tail ending in a sharp stinger.


Message History

Aim: an orc priest, wielding a +0 short sword (lightly wounded, ally target, chance to affect: 80%)
The orc priest writhes in agony.
Malevolent energies surge around you.
The orc priest hits you but does no damage.
Your orc skeleton barely misses the orc priest.
Aiming: Necrotise (safe; 1% risk of failure)
Press: ? - help, Q - select action, (/) - cycle Shift-Dir - straight line, f/p - orc priest
Aim: an orc priest, wielding a +0 short sword (moderately wounded, ally target, chance to affect: 80%)
The orc priest barely resists.
Malevolent energies surge around you.
The orc priest suddenly stops moving!
Your orc skeleton hits the orc priest.
The helpless orc priest fails to defend itself.
You puncture the orc priest!
The orc priest is almost dead.
The orc hits you with a +0 falchion.
* * * LOW HITPOINT WARNING * * *
Your orc skeleton hits the orc priest but does no damage.
Unknown command.
The orc attacks as you move away! The orc hits you with a +0 falchion.
* * * LOW HITPOINT WARNING * * *
The orc priest is no longer paralysed.
The orc priest hits you with a +0 short sword.
* * * LOW HITPOINT WARNING * * *
Your orc skeleton hits the orc priest but does no damage.
Okay, then.
The orc hits your orc skeleton with a +0 falchion.
Your orc skeleton is destroyed!
Aiming: Necrotise (safe; 1% risk of failure)
Press: ? - help, Q - select action, (/) - cycle Shift-Dir - straight line, f/p - orc priest
Aim: an orc priest, wielding a +0 short sword (almost dead, chance to affect: 80%)
The orc priest writhes in agony!
You kill the orc priest!
Malevolent energies surge around you.
The dead are walking!
Your Spellcasting skill increases to level 3!
You have reached level 5!
Your demonic ancestry asserts itself...
Your tail grows a sharp stinger.
There is a stone staircase leading up here.
The orc attacks as you move away! The orc hits you with a +0 falchion.
You die...

#..##......###.#
#..##.########.#####
###..............)...#
......>.#######.)###.#
###..#.##### #..# #o#
#........# #.Z# #o#
##.#.###.# #..# #o#
...#.# #.# #.o# #..
### #.###.## #.@# ###
#.##.#.###..#
#...###.....#
####.#.####.... ##.##
### # #.#############
#.............#
#############.# ######
#.#####..[..


You could see an orc (ally target) and a friendly orc priest skeleton.

Vanquished Creatures
  An orc priest (D:3)
  4 adders
  A worm (D:2)
  2 orcs (D:3)
  3 bats
  4 endoplasms
  A giant cockroach (D:1)
  4 hobgoblins
  7 jackals (D:1)
  2 kobolds
  2 quokkas
  3 ball pythons
  4 frilled lizards
  4 goblins
  4 rats (D:2)
46 creatures vanquished.

Vanquished Creatures (collateral kills)
  An adder (D:2)
  A dart slug (D:1)
  An orc (D:3)
  3 ball pythons (D:2)
  A bat (D:1)
  2 endoplasms
  3 hobgoblins (D:1)
  3 jackals (D:1)
  2 frilled lizards
17 creatures vanquished.

Vanquished Creatures (others)
  4 plants (D:2)
4 creatures vanquished.

Grand Total: 67 creatures vanquished

Notes
Turn   | Place    | Note
-------+----------+-------------------------------------------
     0 | D:1      | concon the Demonspawn Necromancer began the quest for the
                  | Orb.
     0 | D:1      | Reached XP level 1. HP: 13/13 MP: 3/3
   160 | D:1      | Gained mutation: Spells you cast may paralyse adjacent
                  | enemies. [demonic ancestry]
   160 | D:1      | Reached XP level 2. HP: 17/20 MP: 0/5
   626 | D:1      | Reached skill level 5 in Necromancy
   640 | D:1      | Gained mutation: You have a small tail. [demonic ancestry]
   640 | D:1      | Reached XP level 3. HP: 10/25 MP: 0/6
  1564 | D:2      | Learned a level 3 spell: Vampiric Draining
  1587 | D:2      | Found a faded altar of an unknown god.
  1595 | D:2      | Reached XP level 4. HP: 31/31 MP: 0/7
  2035 | D:2      | You fall into a shaft and drop 1 floor!
  2488 | D:3      | Reached skill level 1 in Fighting
  2510 | D:3      | Gained mutation: You have a tail ending in a sharp stinger.
                  | [demonic ancestry]
  2510 | D:3      | Reached XP level 5. HP: 3/37 MP: 1/9
  2514 | D:3      | Slain by an orc

Illustrated notes

Levels and vault maps discovered:
D:1:      wander_arrival_desolate, layout_rooms, minmay_domino_4
D:2:      layout_basic, serial_forest, infiniplex_forest_clump_tiny,
          infiniplex_forest_clump_diagonal, infiniplex_forest_clump_long,
          infiniplex_forest_corner_1, nicolae_ecumenical_snake_handling,
          minmay_box_of_dots
D:3:      layout_loops_ring, uniq_terence

Skill      XL: |  1  2  3  4 |
---------------+-------------+-----
Dodging        | 2 |  2.2
Stealth        | 2 |  2.3
Necromancy     | 5 |  5.4
Fighting       | 1 |  1.2
Spellcasting   | 3 |  3.0
Short Blades   | |  0.6
Staves         | |  0.5

Action                   |  1- 3 |  4- 6 || total
-------------------------+-------+-------++-------
Melee: Unarmed           |    24 |       ||    24
       Punch             |     2 |       ||     2
       Dagger            |     6 |    13 ||    19
       Tailslap          |     1 |       ||     1
 Cast: Necrotise         |    59 |    32 ||    91
 Stab: Paralysed         |    10 |     2 ||    12
       Distracted        |     1 |       ||     1
       Sleeping          |       |     3 ||     3
Armor: Robe              |    18 |     6 ||    24
Dodge: Dodged            |    42 |     9 ||    51
